 Dungeon Crawl Stone Soup version 0.29-a0-233-g1125b37a9b (webtiles) character file.

Game seed: 7120530558459646753

455 dunnowhatimdoing the Slasher (level 6, -2/84 HPs)
             Began as a Minotaur Berserker on Mar 1, 2022.
             Was a Priest of Trog.
             Slain by a gnoll
             ... wielding a +0 flail
              (8 damage)
             ... on level 5 of the Dungeon.
             The game lasted 00:18:41 (4512 turns).

dunnowhatimdoing the Slasher (Minotaur Berserker)   Turns: 4512, Time: 00:18:49

Health: -2/84      AC:  7    Str: 24    XL:     6   Next: 76%
Magic:  5/5        EV: 11    Int:  4    God:    Trog [***...]
Gold:   158        SH:  0    Dex:  9    Spells: 5/5 levels left

rFire   . . .      SeeInvis .   a - +0 falchion
rCold   . . .      Faith    .   (no shield)
rNeg    . . .      Spirit   .   j - +0 ring mail
rPois   .          Reflect  .   (helmet restricted)
rElec   .          Harm     .   (no cloak)
rCorr   .          Rampage  .   m - +0 pair of gloves
Will    .....                   (no boots)
Stlth   ..........              (no amulet)
HPRegen 0.24/turn               (no ring)
MPRegen 0.09/turn               (no ring)

@: berserking (expiring), lethally poisoned (-2 -> -6), very quick
A: horns 2, retaliatory headbutt
a: Renounce Religion, Berserk, Trog's Hand


You were on level 5 of the Dungeon.
You worshipped Trog.
Trog was most pleased with you.
You visited 1 branch of the dungeon, and saw 5 of its levels.
You also visited: Ossuary.

You collected 158 gold pieces.

Inventory:

Hand Weapons
 a - a +0 falchion (weapon)
 f - a +0 short sword
 g - a +0 hunting sling
Armour
 b - a +0 animal skin
 j - a +0 ring mail (worn)
 m - a +0 pair of gloves (worn)
 n - a +0 leather armour
 r - a +0 ring mail
Scrolls
 c - a scroll of acquirement {unknown}
 d - a scroll of enchant armour {unknown}
 e - a scroll of identify
 k - a scroll of brand weapon {unknown}
 l - 4 scrolls of fog
 q - 2 scrolls of enchant weapon
 u - a scroll of fear {unknown}
 v - a scroll of magic mapping {unknown}
 w - a scroll of amnesia {unknown}
 y - a scroll of vulnerability {unknown}
Potions
 h - 2 potions of resistance
 i - 2 potions of degeneration {unknown}
 o - 3 potions of brilliance
 p - a potion of mutation {unknown}
 s - 2 potions of haste {unknown}
 t - 2 potions of heal wounds
 x - 2 potions of flight {unknown}
 z - a potion of magic {unknown}
 A - 3 potions of curing {unknown}
 B - a potion of might {unknown}


   Skills:
 + Level 5.2 Fighting
 + Level 6.6 Long Blades
 + Level 4.1 Armour
 + Level 3.8 Dodging
 + Level 1.0 Stealth


You had 5 spell levels left.
You didn't know any spells.
Your spell library contained the following spells:

 Spells                   Type           Power      Damage    Failure   Level
 Magic Dart               Conj           0%         1d3       65%         1
 Call Imp                 Summ           0%         N/A       78%         2
 Mephitic Cloud           Conj/Pois/Air  0%         N/A       95%         3


Dungeon Overview and Level Annotations

Branches:
Dungeon (5/15)            Ossuary (visited)
 Temple: D:4-7

Altars:

Shops:
D:3 !

Annotations:
D:4 3 runed translucent doors, WhatIsLove's ghost, amateur DrTm


Innate Abilities, Weirdness & Mutations

You have a pair of horns on your head.
You reflexively headbutt those who attack you in melee.


Message History

The adder bites you but does no damage.
The ufetubus hits you but does no damage. x2
The gnoll closely misses you. The gnoll barely misses you.
You furiously retaliate!
You headbutt the gnoll!
You kill the gnoll!
Trog accepts your kill.
You closely miss the gnoll. The adder bites you.
* * * LOW HITPOINT WARNING * * *
The ufetubus barely misses you. The ufetubus misses you.
The gnoll hits you but does no damage.
You hit the gnoll.
The gnoll is lightly wounded.
The ufetubus barely misses you. The ufetubus closely misses you.
The adder bites you but does no damage.
You closely miss the adder. The ufetubus hits you.
* * * LOW HITPOINT WARNING * * *
The ufetubus hits you but does no damage.
The adder barely misses you. The gnoll hits you with a +0 flail.
* * * LOW HITPOINT WARNING * * *
You hit the adder.
The adder is moderately wounded.
The ufetubus hits you but does no damage.
The ufetubus barely misses you. The adder bites you.
* * * LOW HITPOINT WARNING * * *
You are poisoned.
The adder poisons you! The gnoll misses you.
You hit the adder.
The adder is almost dead.
You feel sick. The ufetubus hits you.
* * * LOW HITPOINT WARNING * * *
The ufetubus hits you but does no damage.
The adder bites you but does no damage.
You hit the adder.
You feel the power of Trog in you as your rage grows.
You kill the adder!
Trog accepts your kill.
You feel sick. The ufetubus hits you.
* * * LOW HITPOINT WARNING * * *
The ufetubus closely misses you. The gnoll hits you with a +0 flail!
You die...

.. #.#........
... ......... ..
...##.......##..
.<.#.......#..
###............
............#
#........###.
#<5.......
#)@)......
#....)g...#...
##.......##
##.....##
###..## ####


You could see a gnoll and an ufetubus.

Vanquished Creatures
  A wraith (Ossuary)
  A phantom (D:4)
  A mummy (Ossuary)
  6 gnolls
  8 adders
  2 worms (D:2)
  A dart slug (D:1)
  3 orcs (D:4)
  8 bats
  7 endoplasms
  2 giant cockroaches
  6 goblins
  3 hobgoblins
  6 jackals
  7 kobolds
  2 quokkas
  9 ball pythons
  3 frilled lizards
  9 gnoll skeletons (Ossuary)
  7 kobold skeletons (Ossuary)
  9 orc skeletons (Ossuary)
  5 rats
106 creatures vanquished.

Notes
Turn   | Place    | Note
-------+----------+-------------------------------------------
     0 | D:1      | dunnowhatimdoing the Minotaur Berserker began the quest for
                  | the Orb.
     0 | D:1      | Reached XP level 1. HP: 19/19 MP: 0/0
    98 | D:1      | Reached XP level 2. HP: 18/27 MP: 1/1
   636 | D:1      | Reached skill level 4 in Long Blades
   821 | D:1      | Reached XP level 3. HP: 34/34 MP: 2/2
  1486 | D:2      | Reached ** piety under Trog
  2139 | D:2      | Reached XP level 4. HP: 36/41 MP: 3/3
  2669 | D:3      | Found Tybaco Gejat's Distillery.
  2969 | D:3      | Reached XP level 5. HP: 47/47 MP: 4/4
  3173 | D:4      | Reached skill level 5 in Long Blades
  3221 | D:4      | Found a runed translucent gate.
  3221 | D:4      | Found a runed translucent gate.
  3221 | D:4      | Found a runed translucent gate.
  3223 | D:4      | Noticed WhatIsLove's ghost (amateur DrTm)
  3362 | D:4      | Found a sand-covered staircase.
  3374 | Ossuary  | Entered an ossuary
  3374 | Ossuary  | Noticed a wraith
  3374 | Ossuary  | Noticed a wraith
  3374 | Ossuary  | Noticed a wraith
  3650 | Ossuary  | Reached *** piety under Trog
  3672 | Ossuary  | Noticed a wraith
  3706 | Ossuary  | Killed a wraith
  3707 | Ossuary  | Reached skill level 5 in Fighting
  3707 | Ossuary  | Reached skill level 6 in Long Blades
  3707 | Ossuary  | Reached XP level 6. HP: 56/56 MP: 5/5
  4494 | D:5      | Entered Level 5 of the Dungeon
  4497 | D:5      | Reached skill level 1 in Stealth
  4512 | D:5      | Slain by a gnoll

Illustrated notes

Levels and vault maps discovered:
D:1:      dpeg_arrival_arbitrary_b, layout_loops_corners,
          amcnicky_mini_corridor_feature, minmay_pentomino_o4
D:2:      layout_basic
D:3:      layout_rooms, serial_shops, nicolae_shop_advertising_works
          [nicolae_subvault_shop_adworks], minmay_misc_feat_doors,
          kennysheep_generic_room_16
D:4:      layout_basic, ebering_ghost_rock_garden,
          lightli_ossuary_entry_decrepit_ruins, nrook_loot_triangle
D:5:      layout_cave_pools, temple_green

Skill      XL: |  1  2  3  4  5  6 |
---------------+-------------------+-----
Fighting       | 4 5 |  5.2
Long Blades    | 4 6 |  6.6
Dodging        | 3 |  3.8
Armour         | 3 4 |  4.1
Stealth        | 1 |  1.0

Action                   |  1- 3 |  4- 6 || total
-------------------------+-------+-------++-------
Melee: Falchion          |    87 |   167 ||   254
       Headbutt          |    13 |    29 ||    42
       Punch             |       |     2 ||     2
Invok: Berserk           |       |     3 ||     3
  Use: Scroll            |       |     7 ||     7
 Stab: Sleeping          |     1 |       ||     1
Armor: Animal skin       |    11 |       ||    11
       Ring mail         |    17 |    77 ||    94
Dodge: Dodged            |    58 |    96 ||   154

Table legend: (Time is in decaauts)
 A = Elapsed time spent in this place.
 B = Non-inter-level travel time spent in this place.
 C = Inter-level travel time spent in this place.
 D = Time resting spent in this place.
 E = Time spent auto-exploring this place.
 F = Levels seen in this place.
 G = Mean time per level.
                   A        B        C        D        E       F      G
               +--------+--------+--------+--------+--------+-----+--------+
         Total |   4535 |   4414 |    121 |    516 |   2900 |   6 |  755.8 |
       Dungeon |   4062 |   3941 |    121 |    402 |   2900 |   5 |  812.4 |
       Ossuary |    472 |    472 |      0 |    114 |      0 |   1 |  472.0 |
               +--------+--------+--------+--------+--------+-----+--------+

Top non-repeatable levels by time:
     D:1: 1316 daAuts
     D:2: 1192 daAuts
     D:4: 987 daAuts
     D:3: 553 daAuts
 Ossuary: 472 daAuts
     D:5: 12 daAuts
